 Dungeon Crawl Stone Soup version 0.29-a0-91-gdebf4667c2 (webtiles) character file.

Game seed: 14751501774445909935

14 Hubjo the Sneak (level 2, -1/20 HPs)
             Began as a Vampire Enchanter on Feb 8, 2022.
             Was an Initiate of Ashenzari.
             Frozen to death by an endoplasm (3 damage)
             ... on level 2 of the Dungeon.
             The game lasted 00:02:10 (1197 turns).

Hubjo the Sneak (Vampire Enchanter)                 Turns: 1197, Time: 00:02:11

Health: -1/20      AC:  2    Str:  7    XL:     2   Next: 27%
Magic:  5/5        EV: 12    Int: 17    God:    Ashenzari [......]
Gold:   32         SH:  0    Dex: 14    Spells: 5/5 levels left

rFire   . . .      SeeInvis +   a - +1 dagger
rCold   . . .      Faith    .   (no shield)
rNeg    . . .      Spirit   .   b - +0 robe
rPois   .          Reflect  .   (no helmet)
rElec   .          Harm     .   (no cloak)
rCorr   .          Rampage  .   (no gloves)
Will    .....                   (no boots)
Stlth   +++.......              (no amulet)
HPRegen 0.26/turn               (no ring)
MPRegen 0.09/turn               (no ring)

@: healing quickly
A: alive, fangs 3, see invisible, vampiric 1
a: Exsanguinate, Renounce Religion, Curse Item


You were on level 2 of the Dungeon.
You worshipped Ashenzari.
Ashenzari was noncommittal.
You visited 1 branch of the dungeon, and saw 2 of its levels.

You collected 32 gold pieces.

Inventory:

Hand Weapons
 a - a +1 dagger (weapon)
Armour
 b - a +0 robe (worn)
Magical Staves
 g - a staff of earth
Scrolls
 e - a scroll of identify {unknown}
 f - a scroll of brand weapon {unknown}
Potions
 c - a potion of invisibility
 d - a potion of curing {unknown}


   Skills:
 * Level 0.7 Fighting
 + Level 1.3 Short Blades
 + Level 2.4 Dodging
 * Level 4.8 Stealth
 - Level 2.0 Spellcasting
 + Level 4.5 Hexes


You had 5 spell levels left.
You didn't know any spells.
Your spell library contained the following spells:

 Spells                   Type           Power      Damage    Failure   Level
 Confusing Touch          Hex            17%        N/A       9%          3
 Tukima's Dance           Hex            17%        N/A       9%          3
 Ensorcelled Hibernation  Hex/Ice        18%        N/A       12%         2
 Dazzling Flash           Conj/Hex       18%        N/A       22%         3


Dungeon Overview and Level Annotations

Branches:
Dungeon (2/15)

Altars:
Ashenzari
Elyvilon

Shops:
D:1 ?


Innate Abilities, Weirdness & Mutations

Your natural rate of healing is accelerated.
You have razor-sharp teeth.
You have supernaturally acute eyesight. (SInv)
You are afflicted with vampirism.


Message History

You are too injured to fight recklessly!
You are too injured to fight recklessly!
You are too injured to fight recklessly!
You are too injured to fight recklessly!
You are too injured to fight recklessly!
You are too injured to fight recklessly!
You are too injured to fight recklessly!
You are too injured to fight recklessly!
You are too injured to fight recklessly!
You are too injured to fight recklessly!
You are too injured to fight recklessly!
You are too injured to fight recklessly!
You are too injured to fight recklessly!
You are too injured to fight recklessly!
The endoplasm hits you but does no damage.
You barely miss the endoplasm. Your bite misses the endoplasm.
The endoplasm is lightly wounded.
The endoplasm freezes you.
You are frozen.
You hit the endoplasm.
The endoplasm is heavily wounded.
The endoplasm hits you but does no damage.
You hit the endoplasm but do no damage.
The endoplasm is heavily wounded.
The endoplasm freezes you.
You are frozen.
You hit the endoplasm but do no damage.
The endoplasm is heavily wounded.
The endoplasm freezes you.
You are frozen.
* * * LOW HITPOINT WARNING * * *
You are too injured to fight recklessly!
You hit the endoplasm but do no damage.
The endoplasm is heavily wounded.
The endoplasm barely misses you.
You hit the endoplasm.
The endoplasm is severely wounded.
The endoplasm freezes you.
You are frozen.
You die...

#.....# ##..### #.....#
# #...... ###.._..#
#.##...#..
#.......####.........
#.......... ..#.....#
#.......# ##...## #...#
#.###..## #.J.#
#......# ##@## ######.#
#####.#### ##'##
#........# ##...##
#.###.##.# ##.....# #
#....## ##.......
.#.####....####........
..............+........
##.........####........
######.#.## ##.......


You could see an endoplasm.

Vanquished Creatures
  A bat (D:1)
  2 endoplasms (D:1)
  4 hobgoblins (D:1)
  A ball python (D:1)
  A kobold (D:1)
  4 rats (D:1)
13 creatures vanquished.

Vanquished Creatures (others)
  A plant (D:2)
1 creature vanquished.

Grand Total: 14 creatures vanquished

Notes
Turn   | Place    | Note
-------+----------+-------------------------------------------
     0 | D:1      | Hubjo the Vampire Enchanter began the quest for the Orb.
     0 | D:1      | Reached XP level 1. HP: 13/13 MP: 3/3
    96 | D:1      | Found Omipt's Magic Scroll Emporium.
   185 | D:1      | Found a faded altar of an unknown god.
   252 | D:1      | Prayed at the altar of an unknown god.
   252 | D:1      | Became a worshipper of Ashenzari the Shackled
   391 | D:1      | Reached XP level 2. HP: 18/20 MP: 5/5
  1081 | D:1      | You fall into a shaft and drop 1 floor!
  1197 | D:2      | Frozen to death by an endoplasm

Illustrated notes

Levels and vault maps discovered:
D:1:      dpeg_arrival_signposts, layout_loops_corners,
          hellmonk_ecumenical_altar_run_dry, serial_shops, shop_statue
D:2:      layout_loops_corners, basic_altar, serial_bayou_pond_b,
          serial_bayou_crossing

Action                   || total
-------------------------++-------
Melee: Dagger            ||    53
       Bite              ||     7
       Punch             ||     1
 Stab: Sleeping          ||     6
Armor: Robe              ||    16
Dodge: Dodged            ||    30

Table legend: (Time is in decaauts)
 A = Elapsed time spent in this place.
 B = Non-inter-level travel time spent in this place.
 C = Inter-level travel time spent in this place.
 D = Time resting spent in this place.
 E = Time spent auto-exploring this place.
 F = Levels seen in this place.
 G = Mean time per level.
                   A        B        C        D        E       F      G
               +--------+--------+--------+--------+--------+-----+--------+
         Total |   1193 |   1169 |     24 |      0 |   1022 |   2 |  596.5 |
       Dungeon |   1193 |   1169 |     24 |      0 |   1022 |   2 |  596.5 |
               +--------+--------+--------+--------+--------+-----+--------+

Top non-repeatable levels by time:
     D:1: 1078 daAuts
     D:2: 115 daAuts
